 Dungeon Crawl Stone Soup version 0.29-a0-43-g62a80824bf (webtiles) character file.

Game seed: 10313191241586606127

4893 testman the Thaumaturge (level 10, 0/87 HPs)
             Began as a Djinni Transmuter on Feb 2, 2022.
             Was a High Priest of Cheibriados.
             Slain by a fire elemental (9 damage)
             ... summoned by a deep elf pyromancer
             ... on level 7 of the Dungeon.
             The game lasted 00:38:37 (9796 turns).

testman the Thaumaturge (Djinni Transmuter)         Turns: 9796, Time: 00:38:37

Health: 0/87       AC: 12    Str: 22    XL:     10   Next: 80%
Gold:   398        EV: 11    Int: 28    God:    Cheibriados [*****.] SH:  0 Dex: 25

rFire   . . .      SeeInvis .     - Unarmed
rCold   + + +      Faith    .   (shield currently unavailable)
rNeg    . . .      Spirit   .   (armour currently unavailable)
rPois   ∞          Reflect  .   (helmet currently unavailable)
rElec   .          Harm     .   (cloak currently unavailable)
rCorr   .          Rampage  .   (gloves currently unavailable)
Will    +....                   (boots unavailable)
Stlth   +.........              C - amulet of the acrobat
HPRegen 0.24/turn               e - ring of protection from fire
MPRegen 0.00/turn               (no ring)

@: confused, on fire, ice-form, ambrosia-drunk, flying, glowing, very slow
A: freezing attack, flying, boosted hp, sickness immunity, large, (fire
resistance 2), (cold vulnerability 1), float, innate caster, HP casting, extra
vitality 1
a: End Transformation, Renounce Religion, Bend Time, Temporal Distortion,
Slouch, Step From Time


You were on level 7 of the Dungeon.
You worshipped Cheibriados.
Cheibriados was extremely pleased with you.
You were a creature of crystalline ice.
You visited 1 branch of the dungeon, and saw 7 of its levels.
You also visited: Ossuary.

You collected 398 gold pieces.

Inventory:

Hand Weapons
 g - a +1 hunting sling
Missiles
 c - 194 stones
 h - 34 sling bullets
 l - 9 curare-tipped darts
 m - 2 boomerangs
 A - 5 poisoned darts
 E - 8 javelins
Armour
 a - a +0 robe
 f - a +2 helmet (melded)
 j - the +3 leather armour of Freedom (melded) {Fly Dex+4}
   (You found it on level 3 of the Dungeon)

   Dex:       It affects your dexterity (+4).
   Fly:       It grants you flight.
 s - +0 ice dragon scales
Jewellery
 e - a ring of protection from fire (left front paw)
 C - an amulet of the acrobat (around neck)
Wands
 o - a wand of flame (34)
 D - a wand of iceblast (7)
Scrolls
 b - 6 scrolls of teleportation
 i - 4 scrolls of magic mapping
 k - a scroll of torment
 p - 2 scrolls of enchant armour
 u - 4 scrolls of blinking {unknown}
 v - 2 scrolls of immolation {unknown}
 w - 2 scrolls of fear {unknown}
 y - 3 scrolls of summoning {unknown}
 G - a scroll of vulnerability {unknown}
Potions
 d - 3 potions of haste
 r - a potion of flight
 t - a potion of brilliance
 z - a potion of mutation {unknown}
 B - a potion of invisibility {unknown}
 F - 2 potions of curing


   Skills:
 + Level 6.3 Fighting
 - Level 2.1 Dodging
 + Level 6.2 Unarmed Combat
 + Level 9.4 Spellcasting
 + Level 4.1 Invocations


You had 8 spell levels left.
You knew the following spells:

 Your Spells              Type           Power      Damage    Failure   Level
a - Beastly Appendage     Tmut           100%       N/A       1%          1
b - Wereblood             Tmut           60%        N/A       1%          2
c - Spider Form           Tmut/Pois      60%        N/A       1%          3
d - Ice Form              Ice/Tmut       60%        N/A       1%          4
e - Animate Skeleton      Necr           100%       N/A       1%          1
f - Passwall              Tmut/Erth      50%        N/A       1%          2
g - Tukima's Dance        Hex            60%        N/A       1%          3
h - Stone Arrow           Conj/Erth      100%       3d13      1%          3
Your spell library was empty.

Dungeon Overview and Level Annotations

Branches:
Dungeon (7/15)             Temple (0/1) D:5         Ossuary (visited)

Altars:
Cheibriados
Elyvilon
Fedhas
Qazlal
Ru
Trog
Uskayaw
Yredelemnul
The Shining One

Shops:
D:1 *   D:5 (


Innate Abilities, Weirdness & Mutations

You are a creature of crystalline ice.
You have a powerful freezing melee attack.
You are flying.
Your maximum health is increased.
Your armour is entirely melded.
You are incapable of wielding weapons or throwing items.
You are immune to sickness and miasma.
You are immune to poison.
((Your flesh is very heat resistant. (rF++)))
((You are vulnerable to cold. (rC-)))
You float through the air rather than walking.
You learn spells naturally, not from books.
Your magical power is your life essence.
You have superior vitality. (+4 MHP)


Message History

The deep elf pyromancer gestures at you while chanting.
The sticky flame hits you but does no damage.
You are covered in liquid flames!
You barely miss the deep elf pyromancer.
The deep elf pyromancer is lightly wounded.
You are covered in liquid flames!
* * * LOW HITPOINT WARNING * * *
The deep elf pyromancer hits you but does no damage.
You are confused.
You feel invigorated.
You are covered in liquid flames!
* * * LOW HITPOINT WARNING * * *
The deep elf pyromancer misses you.
You're too confused to attack without stumbling around!
You're too confused to move!
You are covered in liquid flames!
The deep elf pyromancer gestures at you while chanting.
The sticky flame hits you.
You are covered in liquid flames!
* * * LOW HITPOINT WARNING * * *
Okay, then.
Unknown command.
You closely miss the deep elf pyromancer.
The deep elf pyromancer is lightly wounded.
You are covered in liquid flames!
* * * LOW HITPOINT WARNING * * *
The deep elf pyromancer casts a spell.
Okay, then.
You hit the deep elf pyromancer but do no damage.
The deep elf pyromancer is lightly wounded.
You are covered in liquid flames!
* * * LOW HITPOINT WARNING * * *
The fire elemental misses you.
The deep elf pyromancer points at you and mumbles some strange words.
The sticky flame misses you.
You bump into the metal wall.
You are covered in liquid flames!
* * * LOW HITPOINT WARNING * * *
The fire elemental hits you. The fire elemental burns you!
You die...

#....###.....# D.#
#.#....###...# u.#
#...#....###.# #T#
#.#...#......# ###C#
#...#....###.# #!..#
#.#....###...# #.(.#
#....###....##
#..###..###...##.#
#.#Y.###....##..#
##eE##...##.##.##
#○E###..........#
#..####..##.##.####
#..###....###.#.....#
.###...........PPP..#
#.....######..P_P..#
#...##.## #..P.PP.#
..... #.# #..P.P..#


You could see a deep elf pyromancer and 2 fire elementals.

Vanquished Creatures
  An ugly thing (D:7)
  2 cyclopes
  2 trolls (D:7)
  Prince Ribbit (D:6)
  A wyvern (D:7)
  A steam dragon (D:6)
  A water moccasin (D:4)
  An acid dragon (D:7)
  An ice beast (D:6)
  2 hornet zombies (Ossuary)
  An ogre (D:4)
  2 necrophages
  A centaur (D:5)
  2 phantoms
  An elf zombie (D:5)
  2 wyvern zombies (Ossuary)
  2 scorpions
  An elf skeleton (D:5)
  2 water moccasin zombies
  A wyvern skeleton (D:7)
  A killer bee (D:7)
  3 centaur zombies (Ossuary)
  7 bullfrog zombies
  A bullfrog skeleton (D:7)
  A jelly (D:5)
  2 hounds
  2 human zombies (D:5)
  15 mummies (Ossuary)
  5 human skeletons (D:5)
  An orc wizard (D:4)
  6 killer bee zombies
  Robin (D:2)
  3 gnolls (D:3)
  4 adders
  2 white imps
  An ufetubus (D:5)
  A worm (D:4)
  2 dart slugs
  5 orcs (D:4)
  4 endoplasms
  2 giant cockroaches
  18 goblins
  11 hobgoblins
  9 kobolds
  7 quokkas
  5 ball pythons
  7 bats
  3 frilled lizards
  2 orc skeletons (D:5)
  7 rats
166 creatures vanquished.

Vanquished Creatures (others)
  6 withered plants (Ossuary)
6 creatures vanquished.

Grand Total: 172 creatures vanquished

Notes
Turn   | Place    | Note
-------+----------+-------------------------------------------
     0 | D:1      | testman the Djinni Transmuter began the quest for the Orb.
     0 | D:1      | Reached XP level 1. HP: 17/17 MP: 0/0
   260 | D:1      | Reached XP level 2. HP: 6/22 MP: 0/0
  1058 | D:1      | Reached XP level 3. HP: 22/27 MP: 0/0
  1058 | D:1      | Learned a level 1 spell: Animate Skeleton
  1072 | D:1      | Reached skill level 2 in Spellcasting
  1348 | D:1      | Found Mixumneg's General Store.
  2067 | D:2      | Found a faded altar of an unknown god.
  2087 | D:2      | Prayed at the altar of an unknown god.
  2087 | D:2      | Became a worshipper of Cheibriados the Contemplative
  2087 | D:2      | Reached * piety under Cheibriados
  2357 | D:2      | Noticed Robin
  2369 | D:2      | Killed Robin
  2370 | D:2      | Reached XP level 4. HP: 20/33 MP: 0/0
  2539 | D:2      | Reached ** piety under Cheibriados
  3132 | D:3      | Identified the +3 leather armour of Freedom {Fly Dex+4}
  3217 | D:3      | Found a white marble altar of Elyvilon.
  3217 | D:3      | Found a basalt altar of Yredelemnul.
  3234 | D:3      | Reached XP level 5. HP: 19/39 MP: 0/0
  3234 | D:3      | Learned a level 2 spell: Passwall
  3237 | D:3      | Found a sacrificial altar of Ru.
  3237 | D:3      | Found a hide-covered altar of Uskayaw.
  3611 | D:3      | Reached skill level 1 in Invocations
  4049 | D:3      | Reached *** piety under Cheibriados
  4639 | D:4      | Reached XP level 6. HP: 33/46 MP: 0/0
  5036 | D:4      | Noticed a water moccasin
  5058 | D:4      | Killed a water moccasin
  5059 | D:4      | Reached skill level 3 in Spellcasting
  5059 | D:4      | Reached XP level 7. HP: 9/50 MP: 0/0
  5059 | D:4      | Learned a level 3 spell: Tukima's Dance
  5616 | D:4      | Reached skill level 4 in Spellcasting
  5849 | D:5      | Entered Level 5 of the Dungeon
  5909 | D:5      | Found a sand-covered staircase.
  5916 | Ossuary  | Entered an ossuary
  5964 | Ossuary  | Reached skill level 5 in Spellcasting
  5972 | Ossuary  | Reached XP level 8. HP: 39/56 MP: 0/0
  6019 | Ossuary  | Reached **** piety under Cheibriados
  6030 | Ossuary  | Reached skill level 6 in Spellcasting
  6057 | Ossuary  | HP: 3/67 [hornet zombie (6)]
  6602 | Ossuary  | Reached skill level 7 in Spellcasting
  6602 | Ossuary  | Reached XP level 9. HP: 23/61 MP: 0/0
  6602 | Ossuary  | Learned a level 3 spell: Stone Arrow
  7188 | D:5      | Reached skill level 8 in Spellcasting
  7279 | D:5      | Found a staircase to the Ecumenical Temple.
  7328 | D:5      | Found a bloodstained altar of Trog.
  7478 | D:5      | Found a glowing golden altar of the Shining One.
  7558 | D:5      | Found Goxonaasuh's Antique Weapon Boutique.
  7796 | D:5      | Reached ***** piety under Cheibriados
  8200 | D:6      | Noticed Prince Ribbit
  8211 | D:6      | Killed Prince Ribbit
  8439 | D:6      | Reached skill level 9 in Spellcasting
  8653 | D:6      | Noticed a cyclops
  8658 | D:6      | Killed a cyclops
  8659 | D:6      | Reached skill level 5 in Fighting
  8659 | D:6      | Reached skill level 5 in Unarmed Combat
  8659 | D:6      | Reached XP level 10. HP: 61/70 MP: 0/0
  9467 | D:7      | Found a blossoming altar of Fedhas.
  9470 | D:7      | Found a stormy altar of Qazlal.
  9764 | D:7      | Noticed a cyclops
  9765 | D:7      | Noticed a cyan ugly thing
  9773 | D:7      | Killed a cyclops
  9781 | D:7      | HP: 4/86 [cyan ugly thing (12)]
  9783 | D:7      | Killed a cyan ugly thing
  9789 | D:7      | Noticed a deep elf pyromancer
  9796 | D:7      | Slain by a fire elemental

Illustrated notes

Levels and vault maps discovered:
D:1:      heliophobic_arrival_battle_scene, layout_basic, serial_shops,
          nicolae_shop_behind_doors, minmay_heptomino_h4
D:2:      layout_basic, shapermc_ecumenical_altar_ellora, roderic_lattice_a,
          hangedman_abyss_or_decor_lesser_grid, corexii_leaking_fountain,
          minmay_misc_feat_five, minmay_misc_feat_alley, minmay_between,
          uniq_robin
D:3:      layout_basic, grunt_temple_overflow_open, minivault_19,
          roderic_roman_lattice, minmay_goblin_outpost
D:4:      layout_gridville
D:5:      layout_basic, mainiacjoe_overflow_surrounded_room,
          trog_three_pillars_becter, minmay_temple_entry_drinking_statues,
          nicolae_ossuary_entry_catacombs, serial_shops, shop
D:6:      layout_layer_cave, uniq_prince_ribbit1
D:7:      minmay_the_grid_triangle_9x9_recursive_2
          [minmay_the_grid_triangle_9x9_prize_schism,
          minmay_the_grid_triangle_9x9_longest,
          minmay_the_grid_triangle_9x9_pentomino_pain,
          minmay_the_grid_triangle_9x9_negative_grid], layout_loops_ring,
          grunt_temple_overflow_forces_of_nature, cheibrodos_ashenzari_chains

Skill      XL: |  1  2  3  4  5  6  7  8  9 10 |
---------------+-------------------------------+-----
Spellcasting   | 2 3 5 7 9 |  9.4
Fighting       | 2 3 5 6 |  6.3
Invocations    | 1 2 4 |  4.1
Unarmed Combat | 4 5 6 |  6.2
Dodging        | |  2.1

Action                   |  1- 3 |  4- 6 |  7- 9 | 10-12 || total
-------------------------+-------+-------+-------+-------++-------
Melee: Unarmed           |   111 |   119 |   186 |    31 ||   447
       Headbutt          |    17 |    10 |       |       ||    27
       Punch             |     2 |     1 |       |     1 ||     4
 Fire: Hunting sling     |       |    15 |     7 |       ||    22
 Cast: Beastly Appendage |    22 |    16 |       |       ||    38
       Wereblood         |     2 |     1 |     3 |       ||     6
       Spider Form       |       |     6 |     3 |       ||     9
       Ice Form          |       |       |    15 |     2 ||    17
       Tukima's Dance    |       |       |     1 |       ||     1
       Stone Arrow       |       |       |    33 |    15 ||    48
Invok: Slouch            |       |       |     1 |       ||     1
  Use: Scroll            |       |       |     8 |     3 ||    11
       Potion            |       |       |       |     2 ||     2
 Stab: Sleeping          |       |     4 |     1 |       ||     5
       Distracted        |       |       |     5 |       ||     5
Armor: Robe              |    28 |     3 |       |       ||    31
       Leather armour    |       |    14 |       |     3 ||    17
       Skin              |       |     1 |    59 |     8 ||    68
Dodge: Dodged            |    82 |    61 |    93 |    19 ||   255

Table legend: (Time is in decaauts)
 A = Elapsed time spent in this place.
 B = Non-inter-level travel time spent in this place.
 C = Inter-level travel time spent in this place.
 D = Time resting spent in this place.
 E = Time spent auto-exploring this place.
 F = Levels seen in this place.
 G = Mean time per level.
                   A        B        C        D        E       F      G
               +--------+--------+--------+--------+--------+-----+--------+
         Total |  12561 |  12226 |    335 |   2558 |   8027 |   8 | 1570.1 |
       Dungeon |  11205 |  10870 |    335 |   1699 |   7874 |   7 | 1600.7 |
       Ossuary |   1355 |   1355 |      0 |    858 |    152 |   1 | 1355.0 |
               +--------+--------+--------+--------+--------+-----+--------+

Top non-repeatable levels by time:
     D:6: 2308 daAuts
     D:4: 1895 daAuts
     D:3: 1785 daAuts
     D:2: 1748 daAuts
     D:1: 1670 daAuts
 Ossuary: 1355 daAuts
     D:5: 1293 daAuts
     D:7: 504 daAuts
